[Event "NJSK 2024 A"]
[Site "Groningen, Netherlands"]
[Date "2024.05.03"]
[Round "9.1"]
[White "Slagboom, Leandro"]
[Black "Bakija, Alan"]
[Result "1-0"]
[TimeControl "90min/40moves + 30min + 30sec/move"]
[WhiteElo "2326"]
[BlackElo "2101"]

1. Nf3 d6 2. d4 Nf6 3. c4 g6 4. Nc3 Bf5 5. Nh4 Bd7 6. e4 e5 7. Nf3 Bg7 8. Be2 O-O 9. O-O exd4 10.
Nxd4 Re8 11. f3 c6 12. Kh1 Na6 13. Bf4 Qc7 14. Nb3 Re6 15.
c5 Ne8 16. Bc4 Rd8 17. Bxe6 Bxe6 18. cxd6 Nxd6 19. Qe1 Qe7 20. Qg3 Nc4 21. Bg5 f6 22. Bf4 Nxb2 23. Rac1 Nd3 24. Rcd1 Nab4 25. Nc1 Qc5 26. Nxd3 Nxd3 27.
Nd5 Nxf4 28. Nxf4 Rxd1 29. Rxd1 Bxa2 30. h4 Qe7 31. Qf2 Bf7 32. Qxa7 Qc7 33. Ne2 f5 34. Qa8+ Bf8 35. Rd8 Qe7 36. g3 fxe4 37. f4 e3 38. Kh2 Kg7 39. Rb8 Qc5 40. Qxb7 Qc2 41. Qb2+ Qxb2 42. Rxb2 Bd5 43. Rc2 Be7 44.
Kg1 Bd8 45. Kf1 Bb6 46. Rb2 Bc5 47. Rc2 Bb6 48. Rb2 Bc5 49. Rb7+ Kh6 {time} 1-0

[Event "NJSK 2024 A"]
[Site "Groningen, Netherlands"]
[Date "2024.05.03"]
[Round "10.1"]
[White "Slagboom, Leandro"]
[Black "Bakija, Alan"]
[Result "1-0"]
[TimeControl "90min/40moves + 30min + 30sec/move"]
[WhiteElo "2326"]
[BlackElo "2101"]

1. Nf3 d5 2. b3 Nf6 3. Bb2 c6 4. g3 Bf5 5. Bg2 h6 6. d3 e6 7. O-O Be7 8. Nbd2 Bh7 9. Re1 O-O 10.
e4 dxe4 11. dxe4 a5 12. a3 Qc7 13. Ne5 Nbd7 14. Nxd7 Qxd7 15. Qe2 Rfd8 16. Nc4 Qe8 17. Rad1 Qf8 18. h4 b5 19. Ne5 Bxa3 20.
Bxa3 Qxa3 21. Rxd8+ Rxd8 22. Nxc6 Rc8 23. Qxb5 Bg6 24. Qb7 Re8 25. Qc7 Qc5 26. Re2 Ra8 27. Ne7+ Kh7 28. Qxc5 1-0